 Dungeon Crawl Stone Soup version 0.27-a0-419-g7a85846853 (webtiles) character file.

Game seed: 4195997429844855090

31 Gaff the Sneak (level 3, -3/22 HPs)
             Began as a Kobold Brigand on Feb 26, 2021.
             Slain by a worm (12 damage)
             ... on level 2 of the Dungeon.
             The game lasted 00:02:19 (1295 turns).

Gaff the Sneak (Kobold Brigand)                     Turns: 1295, Time: 00:02:19

Health: -3/22      AC:  3    Str:  8    XL:     3   Next: 40%
Magic:  3/3        EV: 14    Int: 12    God:
Gold:   6          SH:  0    Dex: 17    Spells: 2/2 levels left

rFire    . . .     SeeInvis .   a - +2 dagger
rCold    . . .     Faith    .   (shield restricted)
rNeg     . . .     Spirit   .   b - +0 robe
rPois    .         Reflect  .   (no helmet)
rElec    .         Harm     .   c - +0 cloak
rCorr    .         Rampage  .   (no gloves)
Will     .....                  (no boots)
Stlth    ++++......             (no amulet)
HPRegen  0.07/turn              (no ring)
MPRegen  0.08/turn              (no ring)

@: no status effects
A: small, nightstalker 3
a: no special abilities


You were on level 2 of the Dungeon.
You visited 1 branch of the dungeon, and saw 2 of its levels.

You collected 6 gold pieces.

Inventory:

Hand Weapons
 a - a +2 dagger (weapon)
Missiles
 d - 8 poisoned darts (quivered)
 e - 2 curare-tipped darts
 f - 46 stones
 l - 42 sling bullets
Armour
 b - a +0 robe (worn)
 c - a +0 cloak (worn)
 k - a +0 ring mail
Jewellery
 o - an amulet of faith
Scrolls
 h - a scroll of fog {unknown}
 i - 3 scrolls of identify {unknown}
 j - 2 scrolls of teleportation {unknown}
 m - a scroll of amnesia {unknown}
 n - a scroll of enchant weapon {unknown}
 p - a scroll of immolation {unknown}
Potions
 g - a potion of haste {unknown}


   Skills:
 + Level 2.3 Fighting
 + Level 2.8 Short Blades
 + Level 2.2 Throwing
 + Level 1.2 Dodging
 + Level 6.7 Stealth


You had 2 spell levels left.
You didn't know any spells.
Your spell library was empty.

Dungeon Overview and Level Annotations

Branches:
Dungeon (2/15)

Altars:


Innate Abilities, Weirdness & Mutations

You are small and have problems with some larger weapons.
You are completely attuned to the shadows.


Message History

A worm comes into view.
You hit the ooze.
The ooze is moderately wounded.
The ooze closely misses you.
You hit the ooze.
The ooze is severely wounded.
The ooze hits you.
You hit the ooze.
The ooze is severely wounded.
You hit the ooze.
The ooze is almost dead.
The ooze hits you.
You hit the ooze.
The ooze is almost dead.
The ooze hits you.
You hit the ooze.
You kill the ooze!
You hit the worm.
The worm is moderately wounded.
A dart slug comes into view.
You hit the worm.
The worm is moderately wounded.
The worm bites you.
You hit the worm.
The worm is moderately wounded.
You hit the worm.
The worm is heavily wounded.
The worm barely misses you.
You hit the worm.
The worm is severely wounded.
You hit the worm.
The worm is severely wounded.
The worm misses you.
You hit the worm.
The worm is almost dead.
You hit the worm.
The worm is almost dead.
The worm bites you!
Ouch! That really hurt!
You die...

.........
#.........
##.........
###..........
........<....
.............
......#######
...w@..#
...w...#
.........
......##.#
.....## .#


You could see a worm and a dart slug.

Vanquished Creatures
  2 oozes (D:2)
  A dart slug (D:1)
  A leopard gecko (D:1)
  3 giant cockroaches (D:1)
  2 goblins (D:1)
  3 hobgoblins
  A ball python (D:1)
  3 bats (D:1)
  2 kobolds (D:1)
  2 rats (D:1)
20 creatures vanquished.

Notes
Turn   | Place    | Note
-------+----------+-------------------------------------------
     0 | D:1      | Gaff the Kobold Brigand began the quest for the Orb.
     0 | D:1      | Reached XP level 1. HP: 12/12 MP: 1/1
     1 | D:1      | Noticed a minotaur skeleton
   293 | D:1      | Reached XP level 2. HP: 15/17 MP: 2/2
   464 | D:1      | Reached skill level 6 in Stealth
  1212 | D:1      | Reached XP level 3. HP: 22/22 MP: 3/3
  1295 | D:2      | Slain by a worm

Illustrated notes

Levels and vault maps discovered:
D:1:      shiori_arrival_whats_in_store_for_you, layout_loops_corners
D:2:      layout_rooms, nzn_hepliaklqana_mist_gate,
          lemuel_coloured_pillars_altar

Skill      XL: |  1  2 |
---------------+-------+-----
Stealth        | 6 |  6.7
Fighting       | |  2.3
Short Blades   | |  2.8
Throwing       | |  2.2
Dodging        | |  1.2

Action                   || total
-------------------------++-------
Melee: Dagger            ||    65
 Stab: Sleeping          ||    10
Armor: Robe              ||    12
Dodge: Dodged            ||    28

Table legend: (Time is in decaauts)
 A = Elapsed time spent in this place.
 B = Non-inter-level travel time spent in this place.
 C = Inter-level travel time spent in this place.
 D = Time resting spent in this place.
 E = Time spent auto-exploring this place.
 F = Levels seen in this place.
 G = Mean time per level.
                   A        B        C        D        E       F      G
               +--------+--------+--------+--------+--------+-----+--------+
         Total |   1285 |   1262 |     23 |    141 |    905 |   2 |  642.5 |
       Dungeon |   1285 |   1262 |     23 |    141 |    905 |   2 |  642.5 |
               +--------+--------+--------+--------+--------+-----+--------+

Top non-repeatable levels by time:
     D:1: 1260 daAuts
     D:2: 24 daAuts
